 Dungeon Crawl Stone Soup version 0.25-a0-413-g3b4b6a4ccc (webtiles) character file.

Game seed: 14959501809311067383, levelgen mode: deterministic

164 Anathary the Magician (level 5, -7/28 HPs)
             Began as a Deep Elf Wizard on Jan 16, 2020.
             Mangled by Menkaure (17 damage)
             ... on level 4 of the Dungeon.
             The game lasted 00:19:10 (5246 turns).

Anathary the Magician (Deep Elf Wizard)             Turns: 5246, Time: 00:19:11

Health: -7/28      AC:  2    Str:  4    XL:     5   Next: 21%
Magic:  9/15       EV: 13    Int: 24    God:
Gold:   142        SH:  0    Dex: 15    Spells: 12/16 levels left

rFire    . . .     SeeInvis .   h - +0 dagger
rCold    . . .     Gourm    .   (no shield)
rNeg     . . .     Faith    .   a - +0 robe
rPois    .         Spirit   .   b - +0 hat
rElec    .         Reflect  .   (no cloak)
rCorr    .         Harm     .   (no gloves)
MR       .....                  (no boots)
Stlth    ++........             (no amulet)
HPRegen  0.09/turn              i - +2 ring of dexterity
MPRegen  0.14/turn              (no ring)

@: very slightly contaminated
A: no striking features
a: no special abilities


You were on level 4 of the Dungeon.
You were not hungry.

You visited 1 branch of the dungeon, and saw 4 of its levels.

You collected 142 gold pieces.

Inventory:

Hand Weapons
 h - a +0 dagger (weapon)
Armour
 a - a +0 robe (worn)
 b - a +0 hat (worn)
Jewellery
 i - a +2 ring of dexterity (left hand)
Scrolls
 c - 3 scrolls of enchant armour {unknown}
 g - a scroll of immolation {unknown}
 j - a scroll of magic mapping {unknown}
 k - 3 scrolls of identify {unknown}
 o - 2 scrolls of noise {unknown}
 r - a scroll of fog {unknown}
 u - a scroll of enchant weapon {unknown}
Potions
 e - 3 potions of haste {unknown}
 f - 2 potions of lignification {unknown}
 l - 2 potions of flight {unknown}
 m - 2 potions of ambrosia {unknown}
 n - a potion of mutation {unknown}
 p - 2 potions of degeneration {unknown}
 q - a potion of might {unknown}
 s - a potion of cancellation {unknown}
 t - a potion of berserk rage {unknown}
Comestibles
 d - 5 rations


   Skills:
 + Level 0.1 Fighting
 + Level 0.1 Short Blades
 + Level 2.9 Dodging
 + Level 2.8 Stealth
 + Level 6.3 Spellcasting
 + Level 3.1 Conjurations
   Level 1.1 Summonings
   Level 1.1 Translocations
 * Level 1.2 Fire Magic


You had 12 spell levels left.
You knew the following spells:

 Your Spells              Type           Power        Failure   Level  Hunger
a - Magic Dart            Conj           ###.         1%          1    None
b - Conjure Flame         Conj/Fire      ###.....     10%         3    None

Your spell library contained the following spells:

 Spells                   Type           Power        Failure   Level  Hunger
 Blink                    Tloc           N/A          8%          2    None
 Call Imp                 Summ           ##......     8%          2    None
 Slow                     Hex            #.......     12%         2    None
 Mephitic Cloud           Conj/Pois/Air  ##......     16%         3    None


Dungeon Overview and Level Annotations

Branches:
Dungeon (4/15)             Temple (0/1) D:4

Altars:
Fedhas

Annotations:
D:4 Menkaure


Message History

Pain shoots through your body!
Ouch! That really hurt!
Casting: Magic Dart (safe; 1% risk of failure)
Confirm with . or Enter, or press ? or * to list all spells.
Aiming: Magic Dart (safe; 1% risk of failure)
Press: ? - help, Shift-Dir - straight line, f/p - scorpion
Aim: a scorpion (severely wounded)
The magic dart hits the scorpion.
The scorpion is almost dead.
The scorpion stings you.
Casting: Magic Dart (safe; 1% risk of failure)
Confirm with . or Enter, or press ? or * to list all spells.
Aiming: Magic Dart (safe; 1% risk of failure)
Press: ? - help, Shift-Dir - straight line, f/p - scorpion
Aim: a scorpion (almost dead)
The magic dart hits the scorpion but does no damage.
The scorpion is almost dead.
The scorpion stings you. Menkaure hits you!
Ouch! That really hurt!
You die...

#[.
#.###########
####.##.........
. .............
#.#.#..........
#.#.#..........
#..........#
#..<....M..#
#......@...#
#.....s....#
#..........#
#..........+
#........?.#
#.##.....### #.
#.♣.♣.# ...> .#


You could see Menkaure and a scorpion.

Vanquished Creatures
  A worker ant (D:3)
  A worker ant zombie (D:3)
  4 adders
  A shadow imp (D:2)
  2 worms
  4 dart slugs
  3 leopard geckos
  8 bats
  3 giant cockroaches
  7 goblins
  9 hobgoblins
  2 jackals (D:2)
  9 kobolds
  2 quokkas
  5 frilled lizards
  10 rats
71 creatures vanquished.

Vanquished Creatures (others)
  A dart slug (D:1)
  A rat (D:1)
2 creatures vanquished.

Grand Total: 73 creatures vanquished

Notes
Turn   | Place    | Note
-------+----------+-------------------------------------------
     0 | D:1      | Anathary the Deep Elf Wizard began the quest for the Orb.
     0 | D:1      | Reached XP level 1. HP: 10/10 MP: 7/7
   730 | D:1      | Reached XP level 2. HP: 15/15 MP: 3/9
   823 | D:1      | Reached skill level 5 in Spellcasting
  2169 | D:1      | Reached XP level 3. HP: 19/19 MP: 8/11
  2982 | D:2      | Reached XP level 4. HP: 24/24 MP: 8/13
  3157 | D:2      | Found a blossoming altar of Fedhas.
  3816 | D:3      | Reached skill level 6 in Spellcasting
  3928 | D:3      | Learned a level 3 spell: Conjure Flame
  4035 | D:3      | HP: 1/24 [adder (2)]
  4036 | D:3      | Reached XP level 5. HP: 1/28 MP: 0/15
  4921 | D:3      | Reached skill level 1 in Fire Magic
  5239 | D:4      | Noticed Menkaure
  5240 | D:4      | Found a staircase to the Ecumenical Temple.
  5246 | D:4      | Mangled by Menkaure

Levels and vault maps discovered:
D:1:      dpeg_arrival_morbid_curiosity, layout_rooms, serial_bayou_ford_a,
          lemuel_flame_loot_1
D:2:      layout_loops_ring, first_ration, fedhas_altar_4
D:3:      layout_basic
D:4:      layout_basic, fiery_altar_vehumet, minmay_temple_entry_trees,
          nemelex_lonely_heart_becter, uniq_menkaure, uniq_duvessa

Skill      XL: |  1  2  3  4  5 |
---------------+----------------+-----
Spellcasting   | 5 6 |  6.3
Conjurations   | 2 3 |  3.1
Fire Magic     | 1 |  1.2
Fighting       | |  0.1
Short Blades   | |  0.1
Dodging        | |  2.9
Stealth        | |  2.8
Summonings     | |  1.1
Translocations | |  1.1

Action                   |  1- 3 |  4- 6 || total
-------------------------+-------+-------++-------
Melee: Unarmed           |     4 |       ||     4
       Dagger            |    17 |    22 ||    39
 Cast: Magic Dart        |   109 |    84 ||   193
       Conjure Flame     |       |    12 ||    12
 Stab: Sleeping          |     1 |       ||     1
  Eat: Ration            |     2 |     2 ||     4
Armor: Robe              |     4 |     8 ||    12
Dodge: Dodged            |    24 |    59 ||    83

Table legend:
 A = Non-vault XP
 B = Vault XP
 C = Vault XP percentage of total XP
 D = Non-vault monster count
 E = Vault monster count
 F = Vault count percentage of total count
                 A         B        C        D         E       F
            +---------+---------+-------+---------+---------+-------
      Total |     225 |      10 |   4.3 |      66 |       5 |   7.0
            +---------+---------+-------+---------+---------+-------
        D:1 |      38 |      10 |  20.8 |      24 |       5 |  17.2
        D:2 |      92 |       0 |   0.0 |      29 |       0 |   0.0
        D:3 |      95 |       0 |   0.0 |      13 |       0 |   0.0
            +---------+---------+-------+---------+---------+-------
